[ PARTIDA AOE2 · #477052480 ]
UnrankedCoreanos vs Burgundians
[ ANÁLISIS DE REPETICIÓN · EXTRAÍDO DE LA PARTIDA GRABADA ]
Feudal
11:02
Castillos
14:41
Imperial
31:11
| APM promedio | 31.9 |
| APM pico | 81 |
| eAPM promedio | 20.8 |
| Aldeanos / militares | 172 / 45 |
Foco
⚔️ 23.8% · 🌾 76.2%
Archer ×36 · War Wagon ×3 · Trebuchet (Packed) ×3 · Iron Pagoda ×2 · Monk ×1
Feudal
11:34
Castillos
15:07
Imperial
34:38
| APM promedio | 33.9 |
| APM pico | 64 |
| eAPM promedio | 19.8 |
| Aldeanos / militares | 114 / 58 |
Foco
⚔️ 27.0% · 🌾 73.0%
Flemish Militia ×37 · Skirmisher ×14 · Battering Ram ×4 · Mangonel ×3 · Unknown (1105) ×1
Feudal
10:14
Castillos
13:51
Imperial
30:16
| APM promedio | 40.6 |
| APM pico | 136 |
| eAPM promedio | 24.8 |
| Aldeanos / militares | 188 / 103 |
Foco
⚔️ 22.7% · 🌾 77.3%
Camel Scout ×70 · Ghulam ×18 · Hand Cannoneer ×8 · Armored Elephant ×5 · Mangonel ×2
Feudal
10:30
Castillos
14:36
Imperial
37:28
| APM promedio | 79.7 |
| APM pico | 164 |
| eAPM promedio | 46.5 |
| Aldeanos / militares | 143 / 52 |
Foco
⚔️ 39.3% · 🌾 60.7%
Scout Cavalry ×24 · Camel Scout ×18 · Knight ×8 · Bombard Cannon ×2
Feudal
10:56
Castillos
14:52
Imperial
—
| APM promedio | 30.0 |
| APM pico | 70 |
| eAPM promedio | 14.6 |
| Aldeanos / militares | 74 / 21 |
Foco
⚔️ 27.9% · 🌾 72.1%
Conquistador ×18 · Scorpion ×2 · Battering Ram ×1
Feudal
11:20
Castillos
15:40
Imperial
29:51
| APM promedio | 18.4 |
| APM pico | 33 |
| eAPM promedio | 14.0 |
| Aldeanos / militares | 160 / 98 |
Foco
⚔️ 17.2% · 🌾 82.8%
Knight ×95 · Mangonel ×2 · Monk ×1
Feudal
11:40
Castillos
15:45
Imperial
32:27
| APM promedio | 32.0 |
| APM pico | 61 |
| eAPM promedio | 17.0 |
| Aldeanos / militares | 184 / 34 |
Foco
⚔️ 20.6% · 🌾 79.4%
Genoese Crossbowman ×23 · Knight ×4 · Scout Cavalry ×4 · Monk ×2 · Spearman ×1
Feudal
10:36
Castillos
14:12
Imperial
—
| APM promedio | 35.2 |
| APM pico | 84 |
| eAPM promedio | 14.3 |
| Aldeanos / militares | 83 / 73 |
Foco
⚔️ 37.1% · 🌾 62.9%
Conquistador ×61 · Battering Ram ×11 · Missionary ×1
Mapa de la partida
Recursos iniciales + cada clic de construcción. Líneas = muros · curvas = relieve. ◆ oro · ⬟ piedra · ● bayas · ✦ reliquia · ◌ hueco del cierre
Tu base· ✓ Cerrada en 14:41 · 0t muro · 3 puerta(s)
Base de 锦衣慰· ✓ Cerrada en 15:07 · 0t muro · 2 puerta(s)
Base de 聂灭知北· ✓ Cerrada en 13:51 · 0t muro · 2 puerta(s)
Base de samuellco· ✓ Cerrada en 14:36 · 0t muro · 3 puerta(s)
Base de PAYLOTO· ✓ Cerrada en 14:52 · 0t muro · 2 puerta(s)
Base de 台北54088· ✓ Cerrada en 15:40 · 0t muro · 2 puerta(s)
Base de Lucky· ✓ Cerrada en 15:45 · 0t muro · 2 puerta(s)
Base de king_James· ✓ Cerrada en 14:12 · 0t muro · 2 puerta(s)
Terreno inicial suavizado · ◌ = hueco del cierre detectado · pasá el cursor para detalles
Inputs por minuto
— FC_YeyeAge10 - - 锦衣慰
Build order — FC_YeyeAge10
Primeras 150 de 384 acciones detectadas
| 0:01 | Crear | Villager (Male) |
| 0:01 | Crear | Villager (Male) |
| 0:04 | Construir | House |
| 0:05 | Construir | House |
| 0:21 | Crear | Villager (Male) |
| 0:21 | Crear | Villager (Male) |
| 0:22 | Crear | Villager (Male) |
| 1:40 | Crear | Villager (Male) |
| 1:47 | Construir | Lumber Camp |
| 1:56 | Crear | Villager (Male) |
| 1:56 | Crear | Villager (Male) |
| 2:21 | Crear | Villager (Male) |
| 2:21 | Crear | Villager (Male) |
| 2:42 | Crear | Villager (Male) |
| 3:15 | Crear | Villager (Male) |
| 3:16 | Crear | Villager (Male) |
| 3:41 | Crear | Villager (Male) |
| 3:41 | Crear | Villager (Male) |
| 3:41 | Crear | Villager (Male) |
| 3:51 | Construir | House |
| 3:53 | Construir | House |
| 3:58 | Crear | Villager (Male) |
| 4:59 | Crear | Villager (Male) |
| 5:14 | Construir | Mill |
| 5:17 | Crear | Villager (Male) |
| 5:33 | Crear | Villager (Male) |
| 5:44 | Crear | Villager (Male) |
| 5:44 | Crear | Villager (Male) |
| 5:44 | Crear | Villager (Male) |
| 5:57 | Construir | Lumber Camp |
| 6:43 | Crear | Villager (Male) |
| 6:50 | Construir | Farm |
| 7:02 | Crear | Villager (Male) |
| 7:07 | Construir | Mill |
| 7:27 | Crear | Villager (Male) |
| 7:37 | Construir | Farm |
| 8:09 | Construir | Farm |
| 8:13 | Crear | Villager (Male) |
| 8:31 | Construir | Mining Camp |
| 8:52 | Investigar | Feudal Age |
| 8:52 | Investigar | Feudal Age |
| 9:33 | Construir | Farm |
| 10:08 | Crear | Villager (Male) |
| 10:08 | Crear | Villager (Male) |
| 10:13 | Construir | House |
| 11:02 | Edad | Edad Feudal |
| 11:05 | Construir | Market |
| 11:09 | Construir | Blacksmith |
| 11:30 | Crear | Villager (Male) |
| 12:01 | Investigar | Castle Age |
| 12:02 | Investigar | Castle Age |
| 12:40 | Investigar | Double-Bit Axe |
| 12:59 | Investigar | Horse Collar |
| 13:13 | Crear | Villager (Male) |
| 13:44 | Construir | House |
| 13:45 | Construir | House |
| 13:54 | Construir | House |
| 13:55 | Construir | House |
| 14:08 | Construir | House |
| 14:09 | Construir | House |
| 14:19 | Investigar | Town Watch |
| 14:41 | Edad | Edad de los Castillos |
| 14:48 | Construir | Town Center |
| 14:54 | Construir | Town Center |
| 14:59 | Crear | Villager (Male) |
| 15:25 | Construir | Farm |
| 15:33 | Crear | Villager (Male) |
| 15:47 | Crear | Villager (Male) |
| 16:01 | Construir | Farm |
| 16:10 | Construir | Farm |
| 16:24 | Crear | Villager (Male) |
| 16:30 | Crear | Villager (Male) |
| 16:35 | Construir | Farm |
| 16:38 | Construir | Farm |
| 16:40 | Crear | Villager (Male) |
| 16:43 | Construir | Farm |
| 16:44 | Crear | Villager (Male) |
| 16:45 | Crear | Villager (Male) |
| 16:47 | Construir | Farm |
| 17:00 | Construir | Outpost |
| 17:05 | Crear | Villager (Male) |
| 17:05 | Crear | Villager (Male) |
| 17:09 | Construir | Farm |
| 17:16 | Crear | Villager (Male) |
| 17:17 | Crear | Villager (Male) |
| 17:21 | Construir | Farm |
| 17:24 | Construir | Farm |
| 17:28 | Crear | Villager (Male) |
| 17:30 | Construir | Farm |
| 17:33 | Crear | Villager (Male) |
| 17:44 | Construir | Farm |
| 17:52 | Construir | Farm |
| 17:53 | Crear | Villager (Male) |
| 17:53 | Crear | Villager (Male) |
| 17:54 | Crear | Villager (Male) |
| 17:58 | Construir | Farm |
| 18:11 | Construir | Farm |
| 18:12 | Crear | Villager (Male) |
| 18:12 | Crear | Villager (Male) |
| 18:13 | Crear | Villager (Male) |
| 18:38 | Crear | Villager (Male) |
| 18:38 | Crear | Villager (Male) |
| 18:39 | Crear | Villager (Male) |
| 18:41 | Construir | Siege Workshop |
| 18:45 | Crear | Villager (Male) |
| 18:45 | Crear | Villager (Male) |
| 18:58 | Crear | Villager (Male) |
| 18:59 | Crear | Villager (Male) |
| 18:59 | Crear | Villager (Male) |
| 19:14 | Crear | Villager (Male) |
| 19:15 | Crear | Villager (Male) |
| 19:15 | Crear | Villager (Male) |
| 19:24 | Crear | Villager (Male) |
| 19:25 | Crear | Villager (Male) |
| 19:29 | Crear | Iron Pagoda |
| 19:52 | Construir | Stone Wall |
| 20:25 | Crear | Iron Pagoda |
| 20:27 | Crear | Villager (Male) |
| 20:27 | Crear | Villager (Male) |
| 20:28 | Crear | Villager (Male) |
| 20:28 | Crear | Villager (Male) |
| 20:28 | Crear | Villager (Male) |
| 20:38 | Construir | Stone Wall |
| 20:49 | Construir | Stone Wall |
| 20:50 | Crear | Villager (Male) |
| 20:50 | Crear | Villager (Male) |
| 20:51 | Crear | Villager (Male) |
| 20:54 | Construir | Farm |
| 20:55 | Construir | Farm |
| 20:55 | Construir | Farm |
| 20:55 | Construir | Farm |
| 20:55 | Construir | Farm |
| 20:57 | Construir | House |
| 20:58 | Construir | House |
| 21:09 | Construir | House |
| 21:10 | Construir | House |
| 21:11 | Construir | House |
| 21:16 | Investigar | Wheelbarrow |
| 21:16 | Investigar | Wheelbarrow |
| 21:26 | Investigar | Loom |
| 21:26 | Crear | Villager (Male) |
| 21:26 | Crear | Villager (Male) |
| 21:27 | Crear | Villager (Male) |
| 21:30 | Construir | Monastery |
| 21:32 | Crear | Villager (Male) |
| 21:32 | Crear | Villager (Male) |
| 21:32 | Crear | Villager (Male) |
| 21:41 | Crear | Villager (Male) |
| 21:41 | Crear | Villager (Male) |
| 21:48 | Construir | House |
Build order — 锦衣慰
Primeras 150 de 299 acciones detectadas
| 0:01 | Crear | Villager (Male) |
| 0:01 | Crear | Villager (Male) |
| 0:02 | Crear | Villager (Male) |
| 0:02 | Crear | Villager (Male) |
| 0:02 | Crear | Villager (Male) |
| 0:04 | Construir | House |
| 0:06 | Construir | House |
| 1:25 | Crear | Villager (Male) |
| 1:26 | Crear | Villager (Male) |
| 1:26 | Crear | Villager (Male) |
| 1:57 | Crear | Villager (Male) |
| 1:58 | Crear | Villager (Male) |
| 1:58 | Crear | Villager (Male) |
| 2:25 | Crear | Villager (Male) |
| 2:25 | Crear | Villager (Male) |
| 2:25 | Crear | Villager (Male) |
| 2:30 | Construir | Lumber Camp |
| 2:43 | Crear | Villager (Male) |
| 3:17 | Crear | Villager (Male) |
| 3:18 | Investigar | Double-Bit Axe |
| 3:54 | Construir | House |
| 3:55 | Construir | House |
| 3:57 | Crear | Villager (Male) |
| 3:58 | Crear | Villager (Male) |
| 3:58 | Crear | Villager (Male) |
| 3:58 | Crear | Villager (Male) |
| 4:13 | Construir | House |
| 4:14 | Construir | House |
| 4:23 | Crear | Villager (Male) |
| 4:23 | Crear | Villager (Male) |
| 4:55 | Crear | Villager (Male) |
| 4:55 | Crear | Villager (Male) |
| 4:56 | Crear | Villager (Male) |
| 5:03 | Construir | Mill |
| 5:27 | Crear | Villager (Male) |
| 5:27 | Crear | Villager (Male) |
| 5:27 | Crear | Villager (Male) |
| 5:27 | Crear | Villager (Male) |
| 5:49 | Crear | Villager (Male) |
| 5:49 | Crear | Villager (Male) |
| 5:49 | Crear | Villager (Male) |
| 6:28 | Crear | Villager (Male) |
| 6:29 | Crear | Villager (Male) |
| 6:29 | Crear | Villager (Male) |
| 6:34 | Construir | Mill |
| 7:27 | Crear | Villager (Male) |
| 7:27 | Crear | Villager (Male) |
| 7:50 | Crear | Villager (Male) |
| 7:59 | Investigar | Loom |
| 8:11 | Construir | Mining Camp |
| 8:13 | Crear | Villager (Male) |
| 8:16 | Investigar | Loom |
| 8:42 | Investigar | Feudal Age |
| 9:15 | Investigar | Horse Collar |
| 9:54 | Construir | Farm |
| 10:11 | Construir | Farm |
| 10:23 | Crear | Villager (Male) |
| 10:23 | Crear | Villager (Male) |
| 10:32 | Construir | House |
| 11:05 | Construir | Farm |
| 11:06 | Construir | Farm |
| 11:34 | Edad | Edad Feudal |
| 11:38 | Construir | Market |
| 11:40 | Construir | Blacksmith |
| 12:23 | Construir | House |
| 12:27 | Investigar | Castle Age |
| 12:42 | Construir | Barracks |
| 13:13 | Construir | House |
| 13:14 | Construir | House |
| 13:18 | Investigar | Gold Mining |
| 13:33 | Crear | Flemish Militia |
| 13:33 | Crear | Flemish Militia |
| 13:33 | Crear | Flemish Militia |
| 13:45 | Construir | Farm |
| 13:49 | Construir | House |
| 13:56 | Crear | Flemish Militia |
| 14:34 | Crear | Flemish Militia |
| 14:34 | Crear | Flemish Militia |
| 14:34 | Crear | Flemish Militia |
| 15:07 | Edad | Edad de los Castillos |
| 15:17 | Construir | Siege Workshop |
| 15:26 | Crear | Villager (Male) |
| 15:27 | Crear | Flemish Militia |
| 15:27 | Crear | Flemish Militia |
| 15:27 | Crear | Flemish Militia |
| 15:28 | Crear | Flemish Militia |
| 15:28 | Crear | Flemish Militia |
| 15:53 | Crear | Battering Ram |
| 15:54 | Crear | Flemish Militia |
| 15:55 | Crear | Flemish Militia |
| 15:58 | Construir | House |
| 15:58 | Construir | House |
| 15:59 | Construir | House |
| 15:59 | Construir | House |
| 16:05 | Crear | Villager (Male) |
| 16:06 | Crear | Villager (Male) |
| 16:07 | Crear | Flemish Militia |
| 16:07 | Crear | Flemish Militia |
| 16:26 | Crear | Battering Ram |
| 16:46 | Crear | Flemish Militia |
| 16:58 | Crear | Flemish Militia |
| 16:59 | Crear | Flemish Militia |
| 17:07 | Crear | Flemish Militia |
| 17:19 | Crear | Battering Ram |
| 17:25 | Construir | Farm |
| 17:30 | Crear | Flemish Militia |
| 17:30 | Crear | Flemish Militia |
| 17:30 | Crear | Flemish Militia |
| 17:30 | Crear | Flemish Militia |
| 17:31 | Crear | Flemish Militia |
| 17:49 | Crear | Villager (Male) |
| 17:49 | Crear | Villager (Male) |
| 17:50 | Crear | Villager (Male) |
| 17:57 | Investigar | Scale Mail Armor |
| 18:02 | Crear | Battering Ram |
| 18:23 | Crear | Flemish Militia |
| 18:24 | Crear | Flemish Militia |
| 18:24 | Crear | Flemish Militia |
| 18:24 | Crear | Flemish Militia |
| 18:24 | Crear | Flemish Militia |
| 18:33 | Construir | Farm |
| 18:33 | Construir | Farm |
| 18:33 | Construir | Farm |
| 18:37 | Crear | Flemish Militia |
| 19:03 | Crear | Villager (Male) |
| 19:03 | Crear | Villager (Male) |
| 19:03 | Crear | Villager (Male) |
| 19:11 | Construir | Farm |
| 19:11 | Construir | Farm |
| 19:11 | Construir | Farm |
| 19:12 | Construir | Farm |
| 19:12 | Construir | Farm |
| 20:33 | Crear | Villager (Male) |
| 20:33 | Crear | Villager (Male) |
| 20:33 | Crear | Villager (Male) |
| 20:37 | Construir | Farm |
| 20:40 | Crear | Unit 1105 |
| 20:52 | Crear | Villager (Male) |
| 21:04 | Crear | Villager (Male) |
| 21:11 | Construir | Town Center |
| 22:46 | Crear | Flemish Militia |
| 22:47 | Crear | Flemish Militia |
| 22:47 | Crear | Flemish Militia |
| 22:51 | Crear | Flemish Militia |
| 22:52 | Crear | Flemish Militia |
| 22:52 | Crear | Flemish Militia |
| 22:54 | Crear | Villager (Male) |
| 22:54 | Crear | Villager (Male) |
| 23:00 | Crear | Villager (Male) |
| 23:00 | Crear | Villager (Male) |
Build order — 聂灭知北
Primeras 150 de 469 acciones detectadas
| 0:02 | Crear | Villager (Male) |
| 0:02 | Crear | Villager (Male) |
| 0:02 | Crear | Villager (Male) |
| 0:02 | Crear | Villager (Male) |
| 0:02 | Crear | Villager (Male) |
| 0:04 | Construir | House |
| 0:06 | Construir | House |
| 1:29 | Crear | Villager (Male) |
| 1:29 | Crear | Villager (Male) |
| 1:29 | Crear | Villager (Male) |
| 1:47 | Construir | Lumber Camp |
| 1:51 | Crear | Villager (Male) |
| 1:51 | Crear | Villager (Male) |
| 1:51 | Crear | Villager (Male) |
| 2:29 | Crear | Villager (Male) |
| 2:29 | Crear | Villager (Male) |
| 3:08 | Crear | Villager (Male) |
| 3:08 | Crear | Villager (Male) |
| 3:08 | Crear | Villager (Male) |
| 3:47 | Crear | Villager (Male) |
| 3:47 | Crear | Villager (Male) |
| 3:56 | Construir | House |
| 4:07 | Crear | Villager (Male) |
| 4:07 | Crear | Villager (Male) |
| 4:07 | Crear | Villager (Male) |
| 4:16 | Construir | House |
| 4:24 | Construir | Mill |
| 5:23 | Crear | Villager (Male) |
| 5:23 | Crear | Villager (Male) |
| 5:23 | Crear | Villager (Male) |
| 5:24 | Crear | Villager (Male) |
| 5:24 | Crear | Villager (Male) |
| 5:24 | Crear | Villager (Male) |
| 6:31 | Construir | Mill |
| 7:20 | Crear | Villager (Male) |
| 7:57 | Investigar | Feudal Age |
| 8:55 | Crear | Villager (Male) |
| 8:55 | Crear | Villager (Male) |
| 10:14 | Edad | Edad Feudal |
| 10:17 | Construir | Blacksmith |
| 10:19 | Construir | Market |
| 11:11 | Investigar | Castle Age |
| 11:28 | Construir | House |
| 11:56 | Construir | House |
| 12:03 | Investigar | Double-Bit Axe |
| 12:03 | Investigar | Double-Bit Axe |
| 12:51 | Crear | Villager (Male) |
| 12:51 | Crear | Villager (Male) |
| 13:51 | Edad | Edad de los Castillos |
| 13:54 | Construir | Town Center |
| 14:11 | Construir | Siege Workshop |
| 14:13 | Construir | House |
| 14:20 | Construir | Farm |
| 14:27 | Construir | Lumber Camp |
| 14:35 | Crear | Villager (Male) |
| 14:44 | Construir | Farm |
| 14:58 | Crear | Villager (Male) |
| 15:09 | Construir | Farm |
| 15:20 | Construir | House |
| 15:26 | Crear | Villager (Male) |
| 15:26 | Crear | Villager (Male) |
| 15:35 | Construir | Farm |
| 15:42 | Crear | Villager (Male) |
| 15:43 | Crear | Villager (Male) |
| 15:59 | Construir | Town Center |
| 16:08 | Construir | House |
| 16:09 | Crear | Villager (Male) |
| 16:09 | Crear | Villager (Male) |
| 16:18 | Construir | Farm |
| 16:21 | Construir | Farm |
| 16:26 | Construir | House |
| 16:33 | Construir | Gate |
| 16:34 | Crear | Villager (Male) |
| 16:34 | Crear | Villager (Male) |
| 16:37 | Construir | Farm |
| 16:49 | Construir | House |
| 16:52 | Construir | Farm |
| 16:53 | Crear | Villager (Male) |
| 16:53 | Crear | Villager (Male) |
| 16:57 | Investigar | Horse Collar |
| 17:02 | Construir | Farm |
| 17:15 | Construir | Farm |
| 17:20 | Crear | Villager (Male) |
| 17:21 | Crear | Villager (Male) |
| 17:25 | Construir | House |
| 17:42 | Construir | Farm |
| 17:43 | Crear | Villager (Male) |
| 17:43 | Crear | Villager (Male) |
| 17:50 | Construir | Farm |
| 17:54 | Construir | Farm |
| 17:56 | Construir | Farm |
| 17:59 | Crear | Villager (Male) |
| 17:59 | Crear | Villager (Male) |
| 18:07 | Crear | Villager (Male) |
| 18:07 | Crear | Villager (Male) |
| 18:11 | Construir | Farm |
| 18:19 | Crear | Villager (Male) |
| 18:19 | Crear | Villager (Male) |
| 18:31 | Investigar | Loom |
| 18:32 | Crear | Villager (Male) |
| 18:32 | Crear | Villager (Male) |
| 18:38 | Construir | Outpost |
| 18:39 | Construir | Outpost |
| 18:40 | Construir | Outpost |
| 18:41 | Crear | Villager (Male) |
| 18:42 | Crear | Villager (Male) |
| 18:50 | Construir | Town Center |
| 18:55 | Crear | Villager (Male) |
| 18:55 | Crear | Villager (Male) |
| 19:00 | Construir | Farm |
| 19:03 | Construir | Farm |
| 19:04 | Crear | Villager (Male) |
| 19:04 | Crear | Villager (Male) |
| 19:04 | Crear | Villager (Male) |
| 19:17 | Crear | Villager (Male) |
| 19:18 | Crear | Villager (Male) |
| 19:28 | Crear | Villager (Male) |
| 19:28 | Crear | Villager (Male) |
| 19:33 | Crear | Villager (Male) |
| 19:33 | Crear | Villager (Male) |
| 19:36 | Construir | House |
| 19:36 | Construir | House |
| 19:37 | Crear | Villager (Male) |
| 19:38 | Crear | Villager (Male) |
| 19:38 | Crear | Villager (Male) |
| 19:44 | Crear | Villager (Male) |
| 19:44 | Crear | Villager (Male) |
| 19:51 | Construir | Farm |
| 19:57 | Crear | Mangonel |
| 19:59 | Crear | Villager (Male) |
| 19:59 | Crear | Villager (Male) |
| 20:10 | Construir | Town Center |
| 20:13 | Crear | Villager (Male) |
| 20:13 | Crear | Villager (Male) |
| 20:14 | Crear | Villager (Male) |
| 20:17 | Construir | Farm |
| 20:28 | Construir | Farm |
| 20:31 | Crear | Villager (Male) |
| 20:32 | Crear | Villager (Male) |
| 20:37 | Construir | House |
| 20:38 | Construir | House |
| 20:40 | Construir | House |
| 20:40 | Crear | Villager (Male) |
| 20:40 | Crear | Villager (Male) |
| 20:45 | Construir | Farm |
| 20:46 | Crear | Villager (Male) |
| 20:46 | Crear | Villager (Male) |
| 20:50 | Construir | Farm |
| 20:59 | Construir | Farm |
| 20:59 | Crear | Villager (Male) |
Build order — samuellco
Primeras 150 de 344 acciones detectadas
| 0:00 | Crear | Villager (Male) |
| 0:00 | Crear | Villager (Male) |
| 0:01 | Crear | Villager (Male) |
| 0:02 | Construir | House |
| 0:03 | Construir | House |
| 0:12 | Crear | Villager (Male) |
| 1:24 | Crear | Villager (Male) |
| 1:24 | Crear | Villager (Male) |
| 1:47 | Construir | Lumber Camp |
| 1:53 | Crear | Villager (Male) |
| 2:16 | Crear | Villager (Male) |
| 2:38 | Crear | Villager (Male) |
| 3:01 | Crear | Villager (Male) |
| 3:27 | Crear | Villager (Male) |
| 3:56 | Construir | House |
| 4:10 | Crear | Villager (Male) |
| 4:24 | Construir | House |
| 4:27 | Construir | Mill |
| 4:33 | Crear | Villager (Male) |
| 4:54 | Crear | Villager (Male) |
| 4:59 | Construir | House |
| 5:14 | Crear | Villager (Male) |
| 5:40 | Crear | Villager (Male) |
| 6:03 | Crear | Villager (Male) |
| 6:25 | Crear | Villager (Male) |
| 6:29 | Construir | Mill |
| 6:41 | Crear | Villager (Male) |
| 6:42 | Crear | Villager (Male) |
| 7:27 | Crear | Villager (Male) |
| 8:01 | Construir | Mining Camp |
| 8:11 | Investigar | Feudal Age |
| 9:48 | Crear | Villager (Male) |
| 9:54 | Construir | Barracks |
| 10:30 | Edad | Edad Feudal |
| 10:36 | Construir | Blacksmith |
| 10:48 | Crear | Villager (Male) |
| 11:08 | Construir | Stable |
| 11:16 | Crear | Villager (Male) |
| 11:56 | Investigar | Castle Age |
| 12:11 | Construir | House |
| 12:18 | Crear | Scout Cavalry |
| 12:26 | Investigar | Bloodlines |
| 12:37 | Crear | Scout Cavalry |
| 12:40 | Construir | House |
| 12:46 | Construir | Lumber Camp |
| 12:47 | Crear | Villager (Male) |
| 13:08 | Crear | Villager (Male) |
| 13:09 | Crear | Scout Cavalry |
| 13:17 | Construir | Farm |
| 13:21 | Investigar | Horse Collar |
| 13:36 | Crear | Scout Cavalry |
| 13:38 | Crear | Villager (Male) |
| 14:13 | Crear | Scout Cavalry |
| 14:23 | Construir | Farm |
| 14:29 | Construir | Farm |
| 14:36 | Edad | Edad de los Castillos |
| 14:49 | Crear | Villager (Male) |
| 15:11 | Construir | Town Center |
| 15:16 | Construir | Farm |
| 15:29 | Crear | Villager (Male) |
| 15:36 | Construir | Farm |
| 15:42 | Construir | Farm |
| 15:58 | Construir | Farm |
| 16:15 | Crear | Villager (Male) |
| 16:20 | Construir | Town Center |
| 16:37 | Construir | Farm |
| 16:39 | Crear | Villager (Male) |
| 16:54 | Construir | Farm |
| 16:57 | Construir | Farm |
| 17:05 | Crear | Villager (Male) |
| 17:15 | Construir | Farm |
| 17:18 | Construir | Farm |
| 17:23 | Crear | Villager (Male) |
| 17:36 | Construir | Farm |
| 17:41 | Crear | Villager (Male) |
| 17:53 | Crear | Villager (Male) |
| 18:01 | Construir | Farm |
| 18:05 | Construir | Farm |
| 18:09 | Crear | Villager (Male) |
| 18:09 | Crear | Villager (Male) |
| 18:14 | Construir | Farm |
| 18:18 | Crear | Villager (Male) |
| 18:22 | Construir | Farm |
| 18:37 | Crear | Villager (Male) |
| 18:43 | Crear | Villager (Male) |
| 19:12 | Crear | Villager (Male) |
| 19:12 | Crear | Villager (Male) |
| 19:15 | Crear | Villager (Male) |
| 19:16 | Crear | Villager (Male) |
| 19:35 | Crear | Villager (Male) |
| 19:35 | Crear | Villager (Male) |
| 19:35 | Crear | Villager (Male) |
| 19:42 | Crear | Villager (Male) |
| 19:43 | Crear | Villager (Male) |
| 19:58 | Crear | Villager (Male) |
| 20:00 | Construir | Farm |
| 20:01 | Construir | House |
| 20:14 | Construir | Market |
| 20:18 | Investigar | Double-Bit Axe |
| 20:18 | Investigar | Double-Bit Axe |
| 20:33 | Investigar | Heavy Plow |
| 20:33 | Investigar | Heavy Plow |
| 20:46 | Crear | Villager (Male) |
| 20:50 | Construir | Farm |
| 20:51 | Construir | Farm |
| 20:55 | Construir | Farm |
| 20:55 | Construir | Farm |
| 20:56 | Construir | Farm |
| 21:15 | Construir | House |
| 21:22 | Investigar | Bow Saw |
| 21:24 | Crear | Villager (Male) |
| 21:24 | Crear | Villager (Male) |
| 21:25 | Crear | Villager (Male) |
| 21:30 | Construir | Farm |
| 21:44 | Crear | Villager (Male) |
| 21:45 | Crear | Villager (Male) |
| 21:49 | Construir | Stable |
| 21:56 | Crear | Scout Cavalry |
| 22:10 | Crear | Villager (Male) |
| 22:10 | Crear | Villager (Male) |
| 22:17 | Construir | Farm |
| 22:21 | Construir | Stable |
| 22:28 | Investigar | Scale Barding Armor |
| 22:28 | Investigar | Scale Barding Armor |
| 22:29 | Crear | Scout Cavalry |
| 22:35 | Crear | Villager (Male) |
| 22:40 | Construir | Farm |
| 22:45 | Construir | Farm |
| 22:47 | Construir | House |
| 22:50 | Crear | Scout Cavalry |
| 22:57 | Crear | Villager (Male) |
| 22:59 | Crear | Villager (Male) |
| 23:05 | Construir | Farm |
| 23:06 | Construir | House |
| 23:12 | Construir | Farm |
| 23:16 | Construir | Farm |
| 23:17 | Construir | Farm |
| 23:18 | Construir | Farm |
| 23:19 | Construir | Farm |
| 23:20 | Crear | Scout Cavalry |
| 23:21 | Crear | Scout Cavalry |
| 23:48 | Investigar | Husbandry |
| 23:49 | Crear | Villager (Male) |
| 23:50 | Crear | Villager (Male) |
| 23:54 | Construir | Farm |
| 24:06 | Crear | Scout Cavalry |
| 24:07 | Crear | Villager (Male) |
| 24:07 | Crear | Villager (Male) |
| 24:11 | Construir | Lumber Camp |
| 24:13 | Construir | Farm |
Build order — PAYLOTO
Primeras 150 de 178 acciones detectadas
| 0:01 | Crear | Villager (Male) |
| 0:01 | Crear | Villager (Male) |
| 0:01 | Crear | Villager (Male) |
| 0:02 | Crear | Villager (Male) |
| 0:03 | Construir | House |
| 0:06 | Construir | House |
| 1:26 | Crear | Villager (Male) |
| 2:01 | Crear | Villager (Male) |
| 2:02 | Crear | Villager (Male) |
| 2:29 | Crear | Villager (Male) |
| 2:29 | Crear | Villager (Male) |
| 2:33 | Crear | Villager (Male) |
| 3:14 | Crear | Villager (Male) |
| 3:15 | Crear | Villager (Male) |
| 3:26 | Construir | House |
| 3:26 | Construir | House |
| 3:38 | Crear | Villager (Male) |
| 3:55 | Crear | Villager (Male) |
| 4:01 | Construir | Lumber Camp |
| 4:48 | Crear | Villager (Male) |
| 5:06 | Crear | Villager (Male) |
| 5:09 | Crear | Villager (Male) |
| 5:29 | Crear | Villager (Male) |
| 5:40 | Crear | Villager (Male) |
| 5:40 | Crear | Villager (Male) |
| 5:47 | Crear | Villager (Male) |
| 5:47 | Crear | Villager (Male) |
| 5:48 | Crear | Villager (Male) |
| 5:51 | Construir | Mill |
| 6:11 | Crear | Villager (Male) |
| 6:29 | Crear | Villager (Male) |
| 6:45 | Construir | Mill |
| 6:50 | Crear | Villager (Male) |
| 8:05 | Construir | Mining Camp |
| 8:13 | Investigar | Feudal Age |
| 8:17 | Crear | Villager (Male) |
| 8:38 | Investigar | Feudal Age |
| 9:12 | Construir | House |
| 9:59 | Crear | Villager (Male) |
| 10:42 | Construir | Lumber Camp |
| 10:56 | Edad | Edad Feudal |
| 11:03 | Crear | Villager (Male) |
| 11:14 | Construir | Market |
| 11:16 | Construir | Blacksmith |
| 11:27 | Construir | Blacksmith |
| 11:31 | Crear | Villager (Male) |
| 11:39 | Investigar | Double-Bit Axe |
| 11:47 | Crear | Villager (Male) |
| 12:03 | Investigar | Castle Age |
| 12:08 | Construir | Mining Camp |
| 12:51 | Investigar | Stone Mining |
| 13:06 | Construir | House |
| 13:35 | Construir | House |
| 13:36 | Construir | House |
| 13:38 | Construir | House |
| 13:44 | Investigar | Horse Collar |
| 14:37 | Crear | Villager (Male) |
| 14:52 | Edad | Edad de los Castillos |
| 15:00 | Crear | Villager (Male) |
| 15:23 | Construir | Castle |
| 15:29 | Crear | Villager (Male) |
| 15:40 | Construir | Siege Workshop |
| 15:44 | Construir | Farm |
| 15:44 | Construir | Farm |
| 15:45 | Construir | Farm |
| 15:45 | Construir | Farm |
| 15:45 | Construir | Farm |
| 15:45 | Construir | Farm |
| 15:46 | Construir | Farm |
| 15:46 | Construir | Farm |
| 15:46 | Construir | Farm |
| 16:09 | Investigar | Loom |
| 16:21 | Construir | House |
| 16:35 | Construir | Farm |
| 16:41 | Construir | Lumber Camp |
| 16:45 | Crear | Villager (Male) |
| 16:45 | Crear | Villager (Male) |
| 17:12 | Crear | Conquistador |
| 17:12 | Crear | Conquistador |
| 17:27 | Crear | Conquistador |
| 17:27 | Crear | Conquistador |
| 17:40 | Crear | Battering Ram |
| 17:41 | Crear | Villager (Male) |
| 17:42 | Crear | Villager (Male) |
| 17:55 | Construir | Monastery |
| 17:57 | Crear | Villager (Male) |
| 18:05 | Crear | Conquistador |
| 18:06 | Crear | Conquistador |
| 18:44 | Construir | Watch Tower |
| 19:10 | Construir | Stone Wall |
| 19:17 | Crear | Villager (Male) |
| 19:18 | Crear | Conquistador |
| 19:29 | Crear | Villager (Male) |
| 19:30 | Crear | Villager (Male) |
| 19:31 | Crear | Scorpion |
| 19:31 | Crear | Scorpion |
| 19:36 | Construir | Farm |
| 19:37 | Construir | Farm |
| 20:11 | Crear | Villager (Male) |
| 20:12 | Crear | Villager (Male) |
| 20:17 | Construir | Farm |
| 20:18 | Construir | Farm |
| 20:20 | Construir | Farm |
| 20:21 | Construir | Farm |
| 20:39 | Crear | Villager (Male) |
| 20:39 | Crear | Villager (Male) |
| 21:02 | Crear | Villager (Male) |
| 21:21 | Crear | Villager (Male) |
| 21:21 | Crear | Villager (Male) |
| 21:31 | Construir | Farm |
| 21:32 | Construir | Farm |
| 21:33 | Construir | Mill |
| 21:43 | Crear | Villager (Male) |
| 21:43 | Crear | Villager (Male) |
| 22:10 | Crear | Conquistador |
| 22:10 | Crear | Conquistador |
| 22:21 | Crear | Conquistador |
| 22:21 | Crear | Conquistador |
| 22:22 | Crear | Villager (Male) |
| 23:56 | Crear | Villager (Male) |
| 26:01 | Construir | Castle |
| 26:15 | Construir | Town Center |
| 27:43 | Construir | Town Center |
| 28:22 | Crear | Villager (Male) |
| 28:23 | Crear | Villager (Male) |
| 28:23 | Crear | Villager (Male) |
| 28:41 | Construir | Town Center |
| 28:43 | Crear | Villager (Male) |
| 28:50 | Construir | Farm |
| 29:57 | Construir | Farm |
| 29:57 | Construir | Farm |
| 29:58 | Construir | Farm |
| 29:58 | Construir | Farm |
| 29:58 | Construir | Farm |
| 29:58 | Construir | Farm |
| 29:59 | Construir | Farm |
| 29:59 | Construir | Farm |
| 30:57 | Crear | Villager (Male) |
| 31:01 | Construir | Farm |
| 31:02 | Construir | Farm |
| 31:03 | Construir | Farm |
| 31:22 | Crear | Villager (Male) |
| 32:05 | Crear | Villager (Male) |
| 32:05 | Crear | Villager (Male) |
| 32:09 | Construir | Farm |
| 32:10 | Construir | Farm |
| 32:11 | Construir | Farm |
| 32:23 | Crear | Villager (Male) |
| 32:40 | Construir | Farm |
| 32:43 | Crear | Villager (Male) |
Build order — 台北54088
Primeras 150 de 319 acciones detectadas
| 0:01 | Crear | Villager (Male) |
| 0:03 | Construir | House |
| 0:05 | Construir | House |
| 0:25 | Crear | Villager (Male) |
| 1:11 | Crear | Villager (Male) ×2 |
| 1:11 | Crear | Villager (Male) ×2 |
| 1:28 | Crear | Villager (Male) |
| 1:39 | Construir | Lumber Camp |
| 2:11 | Crear | Villager (Male) |
| 2:11 | Crear | Villager (Male) |
| 2:33 | Crear | Villager (Male) |
| 2:33 | Crear | Villager (Male) |
| 3:09 | Crear | Villager (Male) |
| 3:22 | Construir | House |
| 3:29 | Construir | House |
| 3:30 | Construir | House |
| 3:32 | Crear | Villager (Male) |
| 3:33 | Crear | Villager (Male) |
| 3:55 | Crear | Villager (Male) |
| 3:55 | Crear | Villager (Male) |
| 4:25 | Crear | Villager (Male) |
| 4:50 | Construir | Mill |
| 5:00 | Crear | Villager (Male) |
| 5:15 | Crear | Villager (Male) |
| 5:15 | Crear | Villager (Male) |
| 5:16 | Crear | Villager (Male) |
| 6:06 | Crear | Villager (Male) |
| 6:18 | Construir | Mill |
| 6:20 | Crear | Villager (Male) |
| 6:21 | Crear | Villager (Male) |
| 6:37 | Crear | Villager (Male) |
| 6:37 | Crear | Villager (Male) |
| 6:38 | Crear | Villager (Male) |
| 6:38 | Crear | Villager (Male) |
| 7:18 | Crear | Villager (Male) |
| 7:19 | Crear | Villager (Male) |
| 7:47 | Crear | Villager (Male) |
| 8:24 | Construir | Mining Camp |
| 8:50 | Investigar | Feudal Age |
| 10:21 | Crear | Villager (Male) ×5 |
| 11:18 | Crear | Villager (Male) ×5 |
| 11:20 | Edad | Edad Feudal |
| 11:26 | Construir | Market |
| 11:35 | Construir | Blacksmith |
| 11:37 | Construir | House |
| 12:14 | Construir | Farm |
| 12:15 | Construir | Farm |
| 12:16 | Construir | Farm |
| 12:17 | Construir | Farm |
| 12:57 | Investigar | Castle Age |
| 12:58 | Investigar | Castle Age |
| 13:00 | Investigar | Double-Bit Axe |
| 13:00 | Investigar | Double-Bit Axe |
| 13:50 | Construir | Farm |
| 14:00 | Construir | Farm |
| 15:26 | Crear | Villager (Male) |
| 15:40 | Edad | Edad de los Castillos |
| 15:43 | Crear | Villager (Male) |
| 15:47 | Construir | Town Center |
| 15:53 | Construir | Town Center |
| 16:00 | Construir | Monastery |
| 16:03 | Investigar | Bow Saw |
| 16:09 | Construir | Farm |
| 16:16 | Construir | Farm |
| 16:20 | Construir | Farm |
| 16:25 | Crear | Villager (Male) |
| 16:45 | Crear | Monk |
| 16:49 | Crear | Villager (Male) |
| 16:51 | Construir | Farm |
| 16:57 | Construir | Farm |
| 17:08 | Construir | House |
| 17:11 | Construir | House |
| 17:12 | Construir | House |
| 17:15 | Investigar | Wheelbarrow |
| 17:32 | Crear | Villager (Male) |
| 17:36 | Crear | Villager (Male) |
| 17:38 | Crear | Villager (Male) |
| 17:38 | Crear | Villager (Male) |
| 17:55 | Crear | Villager (Male) |
| 17:56 | Crear | Villager (Male) |
| 18:01 | Construir | Farm |
| 18:02 | Construir | Farm |
| 18:04 | Construir | Farm |
| 18:06 | Construir | Farm |
| 18:07 | Construir | Farm |
| 18:09 | Construir | Farm |
| 18:10 | Crear | Villager (Male) |
| 18:10 | Crear | Villager (Male) |
| 18:39 | Crear | Villager (Male) |
| 18:39 | Crear | Villager (Male) |
| 18:40 | Construir | House |
| 18:41 | Construir | House |
| 18:42 | Construir | House |
| 18:51 | Construir | Farm |
| 18:57 | Construir | Farm |
| 19:07 | Crear | Villager (Male) |
| 19:07 | Crear | Villager (Male) |
| 19:14 | Crear | Villager (Male) |
| 19:31 | Construir | Siege Workshop |
| 19:33 | Investigar | Loom |
| 19:34 | Crear | Villager (Male) |
| 19:35 | Crear | Villager (Male) |
| 19:39 | Construir | Gate |
| 19:44 | Construir | House |
| 19:45 | Construir | House |
| 19:47 | Construir | House |
| 19:48 | Construir | House |
| 19:54 | Crear | Villager (Male) |
| 19:54 | Crear | Villager (Male) |
| 20:02 | Crear | Villager (Male) |
| 20:05 | Construir | Farm |
| 20:06 | Construir | Farm |
| 20:17 | Crear | Villager (Male) |
| 20:18 | Crear | Villager (Male) |
| 20:18 | Crear | Villager (Male) |
| 20:31 | Crear | Villager (Male) |
| 20:32 | Crear | Villager (Male) |
| 20:37 | Crear | Villager (Male) |
| 20:38 | Crear | Villager (Male) |
| 20:45 | Construir | University |
| 20:50 | Construir | House |
| 20:53 | Construir | House |
| 20:54 | Construir | House |
| 20:56 | Construir | House |
| 20:57 | Construir | House |
| 20:59 | Crear | Villager (Male) |
| 20:59 | Crear | Villager (Male) |
| 20:59 | Crear | Villager (Male) |
| 21:02 | Crear | Mangonel |
| 21:07 | Crear | Villager (Male) |
| 21:07 | Crear | Villager (Male) |
| 21:13 | Construir | Town Center |
| 21:18 | Construir | Farm |
| 21:20 | Construir | Farm |
| 21:21 | Construir | Farm |
| 21:25 | Construir | Farm |
| 21:26 | Construir | Farm |
| 21:27 | Construir | Farm |
| 21:30 | Crear | Villager (Male) |
| 21:30 | Crear | Villager (Male) |
| 21:31 | Crear | Villager (Male) |
| 21:43 | Crear | Villager (Male) |
| 21:44 | Crear | Villager (Male) |
| 21:44 | Crear | Villager (Male) |
| 21:53 | Crear | Villager (Male) |
| 21:53 | Crear | Villager (Male) |
| 21:56 | Construir | Farm |
| 21:58 | Construir | Farm |
| 22:00 | Construir | Farm |
| 22:01 | Construir | Farm |
Build order — Lucky
Primeras 150 de 406 acciones detectadas
| 0:03 | Crear | Villager (Male) |
| 0:03 | Crear | Villager (Male) |
| 0:04 | Crear | Villager (Male) |
| 0:04 | Crear | Villager (Male) |
| 0:04 | Crear | Villager (Male) |
| 0:04 | Crear | Villager (Male) |
| 0:07 | Construir | House |
| 0:09 | Construir | House |
| 1:31 | Crear | Villager (Male) |
| 1:32 | Crear | Villager (Male) |
| 2:18 | Construir | Lumber Camp |
| 2:50 | Crear | Villager (Male) |
| 2:50 | Crear | Villager (Male) |
| 2:51 | Crear | Villager (Male) |
| 2:51 | Crear | Villager (Male) |
| 2:51 | Crear | Villager (Male) |
| 3:24 | Construir | House |
| 3:51 | Crear | Villager (Male) |
| 3:51 | Crear | Villager (Male) |
| 3:51 | Crear | Villager (Male) |
| 4:05 | Construir | House |
| 4:14 | Crear | Villager (Male) |
| 4:15 | Crear | Villager (Male) |
| 4:15 | Crear | Villager (Male) |
| 4:32 | Crear | Villager (Male) |
| 4:33 | Crear | Villager (Male) |
| 5:02 | Crear | Villager (Male) |
| 5:02 | Crear | Villager (Male) |
| 5:24 | Construir | Mill |
| 6:24 | Crear | Villager (Male) |
| 6:25 | Crear | Villager (Male) |
| 6:25 | Crear | Villager (Male) |
| 6:25 | Crear | Villager (Male) |
| 6:26 | Crear | Villager (Male) |
| 6:26 | Crear | Villager (Male) |
| 6:31 | Crear | Villager (Male) |
| 6:31 | Crear | Villager (Male) |
| 6:32 | Crear | Villager (Male) |
| 6:32 | Crear | Villager (Male) |
| 7:31 | Construir | Mining Camp |
| 7:59 | Construir | House |
| 9:24 | Investigar | Feudal Age |
| 9:24 | Investigar | Feudal Age |
| 11:13 | Crear | Villager (Male) |
| 11:14 | Crear | Villager (Male) |
| 11:40 | Edad | Edad Feudal |
| 11:47 | Construir | Market |
| 12:01 | Construir | Blacksmith |
| 13:05 | Investigar | Castle Age |
| 13:05 | Investigar | Castle Age |
| 13:10 | Investigar | Horse Collar |
| 13:10 | Investigar | Horse Collar |
| 13:46 | Investigar | Double-Bit Axe |
| 13:47 | Investigar | Double-Bit Axe |
| 14:18 | Construir | House |
| 15:16 | Construir | Farm |
| 15:45 | Edad | Edad de los Castillos |
| 15:50 | Construir | Town Center |
| 15:55 | Crear | Villager (Male) |
| 15:55 | Crear | Villager (Male) |
| 16:04 | Construir | Town Center |
| 16:14 | Investigar | Bow Saw |
| 16:15 | Investigar | Bow Saw |
| 16:17 | Investigar | Heavy Plow |
| 16:17 | Investigar | Heavy Plow |
| 16:21 | Construir | Farm |
| 16:22 | Construir | Farm |
| 16:49 | Construir | Monastery |
| 16:53 | Crear | Villager (Male) |
| 16:59 | Construir | Farm |
| 17:14 | Construir | Farm |
| 17:16 | Construir | Farm |
| 17:24 | Crear | Villager (Male) |
| 17:28 | Construir | Farm |
| 17:37 | Construir | Farm |
| 17:39 | Crear | Monk |
| 17:42 | Construir | House |
| 17:52 | Crear | Villager (Male) |
| 18:01 | Construir | Farm |
| 18:04 | Construir | Farm |
| 18:06 | Construir | Farm |
| 18:18 | Construir | House |
| 18:20 | Crear | Villager (Male) |
| 18:30 | Construir | Farm |
| 18:33 | Construir | Farm |
| 18:48 | Construir | House |
| 18:50 | Crear | Villager (Male) |
| 18:51 | Crear | Villager (Male) |
| 18:51 | Crear | Villager (Male) |
| 18:54 | Construir | Farm |
| 18:59 | Construir | Farm |
| 19:02 | Construir | Farm |
| 19:05 | Crear | Villager (Male) |
| 19:21 | Construir | Farm |
| 19:29 | Crear | Villager (Male) |
| 19:29 | Crear | Villager (Male) |
| 19:29 | Crear | Villager (Male) |
| 19:36 | Construir | House |
| 19:53 | Crear | Villager (Male) |
| 19:53 | Crear | Villager (Male) |
| 19:54 | Crear | Villager (Male) |
| 19:54 | Crear | Villager (Male) |
| 20:00 | Construir | Farm |
| 20:04 | Construir | Farm |
| 20:11 | Construir | House |
| 20:13 | Crear | Villager (Male) |
| 20:13 | Crear | Villager (Male) |
| 20:15 | Investigar | Loom |
| 20:16 | Investigar | Loom |
| 20:21 | Construir | Farm |
| 20:24 | Crear | Monk |
| 20:49 | Construir | Farm |
| 20:54 | Construir | House |
| 20:55 | Crear | Villager (Male) |
| 20:56 | Crear | Villager (Male) |
| 20:56 | Crear | Villager (Male) |
| 20:56 | Crear | Villager (Male) |
| 20:57 | Crear | Villager (Male) |
| 20:57 | Crear | Villager (Male) |
| 20:57 | Crear | Villager (Male) |
| 21:06 | Investigar | Wheelbarrow |
| 21:07 | Investigar | Wheelbarrow |
| 21:08 | Crear | Villager (Male) |
| 21:21 | Construir | Town Center |
| 21:27 | Construir | Farm |
| 21:30 | Construir | Farm |
| 21:33 | Construir | House |
| 21:53 | Crear | Villager (Male) |
| 21:53 | Crear | Villager (Male) |
| 21:54 | Crear | Villager (Male) |
| 21:54 | Crear | Villager (Male) |
| 21:54 | Crear | Villager (Male) |
| 21:54 | Crear | Villager (Male) |
| 21:55 | Crear | Villager (Male) |
| 21:55 | Crear | Villager (Male) |
| 21:59 | Construir | Farm |
| 22:00 | Construir | Farm |
| 22:41 | Construir | Barracks |
| 22:51 | Crear | Villager (Male) |
| 22:51 | Crear | Villager (Male) |
| 22:52 | Crear | Villager (Male) |
| 22:52 | Crear | Villager (Male) |
| 22:52 | Crear | Villager (Male) |
| 22:52 | Crear | Villager (Male) |
| 22:53 | Crear | Villager (Male) |
| 22:53 | Crear | Villager (Male) |
| 22:53 | Crear | Villager (Male) |
| 22:53 | Crear | Villager (Male) |
| 23:45 | Construir | Stable |
| 23:46 | Crear | Spearman |
Build order — king_James
Primeras 150 de 238 acciones detectadas
| 0:03 | Crear | Villager (Male) |
| 0:03 | Crear | Villager (Male) |
| 0:03 | Crear | Villager (Male) |
| 0:03 | Crear | Villager (Male) |
| 0:04 | Construir | House |
| 0:06 | Construir | House |
| 1:28 | Crear | Villager (Male) |
| 1:28 | Crear | Villager (Male) |
| 1:49 | Construir | Lumber Camp |
| 1:50 | Crear | Villager (Male) |
| 1:50 | Crear | Villager (Male) |
| 2:19 | Crear | Villager (Male) |
| 2:34 | Crear | Villager (Male) |
| 2:34 | Crear | Villager (Male) |
| 2:34 | Crear | Villager (Male) |
| 2:37 | Construir | House |
| 2:38 | Construir | House |
| 2:55 | Crear | Villager (Male) |
| 2:55 | Crear | Villager (Male) |
| 3:36 | Crear | Villager (Male) |
| 3:36 | Crear | Villager (Male) |
| 4:11 | Crear | Villager (Male) |
| 4:11 | Crear | Villager (Male) |
| 4:11 | Crear | Villager (Male) |
| 4:22 | Crear | Villager (Male) |
| 4:22 | Crear | Villager (Male) |
| 4:43 | Construir | Mill |
| 4:56 | Crear | Villager (Male) |
| 4:56 | Crear | Villager (Male) |
| 5:29 | Crear | Villager (Male) |
| 5:29 | Crear | Villager (Male) |
| 5:56 | Crear | Villager (Male) |
| 5:56 | Crear | Villager (Male) |
| 5:56 | Crear | Villager (Male) |
| 5:57 | Crear | Villager (Male) |
| 6:05 | Construir | Mill |
| 6:42 | Crear | Villager (Male) |
| 7:12 | Crear | Villager (Male) |
| 7:41 | Construir | Mining Camp |
| 7:58 | Crear | Villager (Male) |
| 8:17 | Investigar | Feudal Age |
| 8:23 | Crear | Villager (Male) |
| 8:23 | Investigar | Loom |
| 9:09 | Construir | House |
| 10:36 | Crear | Villager (Male) |
| 10:36 | Edad | Edad Feudal |
| 10:41 | Construir | Market |
| 10:53 | Construir | Blacksmith |
| 11:32 | Investigar | Castle Age |
| 11:56 | Investigar | Double-Bit Axe |
| 12:32 | Construir | Mining Camp |
| 13:07 | Crear | Villager (Male) |
| 13:10 | Investigar | Horse Collar |
| 14:12 | Edad | Edad de los Castillos |
| 14:33 | Construir | Castle |
| 14:41 | Crear | Villager (Male) |
| 15:04 | Crear | Villager (Male) |
| 15:12 | Construir | Farm |
| 15:13 | Construir | Farm |
| 15:36 | Construir | Siege Workshop |
| 15:43 | Crear | Conquistador |
| 15:44 | Crear | Conquistador |
| 16:11 | Crear | Conquistador |
| 16:11 | Crear | Conquistador |
| 16:22 | Construir | Mill |
| 16:27 | Crear | Battering Ram |
| 16:41 | Construir | Farm |
| 17:16 | Crear | Conquistador |
| 17:17 | Crear | Conquistador |
| 17:42 | Crear | Conquistador |
| 17:42 | Crear | Conquistador |
| 17:53 | Crear | Battering Ram |
| 17:53 | Crear | Battering Ram |
| 17:59 | Crear | Villager (Male) |
| 17:59 | Crear | Villager (Male) |
| 18:18 | Crear | Conquistador |
| 18:19 | Crear | Conquistador |
| 18:39 | Crear | Conquistador |
| 18:39 | Crear | Conquistador |
| 18:40 | Crear | Villager (Male) |
| 19:01 | Crear | Conquistador |
| 19:02 | Crear | Conquistador |
| 19:29 | Crear | Conquistador |
| 19:30 | Crear | Conquistador |
| 19:32 | Crear | Villager (Male) |
| 19:33 | Crear | Villager (Male) |
| 19:49 | Crear | Conquistador |
| 19:49 | Crear | Conquistador |
| 20:12 | Crear | Battering Ram |
| 20:12 | Crear | Battering Ram |
| 20:13 | Crear | Villager (Male) |
| 20:31 | Crear | Battering Ram |
| 20:32 | Crear | Villager (Male) |
| 20:41 | Crear | Villager (Male) |
| 20:41 | Crear | Villager (Male) |
| 20:42 | Crear | Villager (Male) |
| 21:10 | Investigar | Padded Archer Armor |
| 21:12 | Crear | Villager (Male) |
| 21:12 | Crear | Villager (Male) |
| 21:28 | Crear | Battering Ram |
| 21:28 | Crear | Battering Ram |
| 21:42 | Crear | Conquistador |
| 21:43 | Crear | Conquistador |
| 21:54 | Crear | Villager (Male) |
| 21:56 | Construir | House |
| 22:19 | Crear | Battering Ram |
| 22:20 | Crear | Battering Ram |
| 22:28 | Crear | Conquistador |
| 22:28 | Crear | Conquistador |
| 22:30 | Construir | House |
| 22:42 | Crear | Conquistador |
| 22:42 | Crear | Conquistador |
| 23:07 | Crear | Battering Ram |
| 23:13 | Crear | Conquistador |
| 23:45 | Crear | Villager (Male) |
| 24:01 | Crear | Conquistador |
| 24:01 | Crear | Conquistador |
| 24:02 | Crear | Conquistador |
| 24:10 | Construir | Barracks |
| 24:26 | Construir | House |
| 24:27 | Construir | Farm |
| 24:28 | Construir | Farm |
| 24:29 | Construir | Farm |
| 24:56 | Crear | Conquistador |
| 24:56 | Crear | Conquistador |
| 25:17 | Crear | Conquistador |
| 25:17 | Crear | Conquistador |
| 25:29 | Construir | Mill |
| 25:55 | Crear | Conquistador |
| 25:56 | Crear | Conquistador |
| 25:59 | Crear | Villager (Male) |
| 26:00 | Crear | Conquistador |
| 26:00 | Crear | Conquistador |
| 26:11 | Construir | Town Center |
| 26:33 | Construir | Farm |
| 26:34 | Crear | Villager (Male) |
| 26:34 | Crear | Villager (Male) |
| 26:54 | Crear | Conquistador |
| 26:54 | Crear | Conquistador |
| 27:05 | Crear | Conquistador |
| 27:06 | Crear | Conquistador |
| 27:20 | Construir | Farm |
| 27:22 | Construir | Farm |
| 27:23 | Crear | Villager (Male) |
| 28:03 | Crear | Conquistador |
| 28:03 | Crear | Conquistador |
| 28:06 | Construir | Farm |
| 28:09 | Construir | Lumber Camp |
| 28:36 | Crear | Villager (Male) |
| 28:42 | Crear | Villager (Male) |
Cronología de la partida
| 9:54 | samuellco · first_building Barracks |
| 10:14 | 聂灭知北 · age_up feudal |
| 10:30 | samuellco · age_up feudal |
| 10:36 | king_James · age_up feudal |
| 10:56 | PAYLOTO · age_up feudal |
| 11:02 | FC_YeyeAge10 · age_up feudal |
| 11:08 | samuellco · first_building Stable |
| 11:10 | 聂灭知北 · first_market_sell 100 wood |
| 11:20 | 台北54088 · age_up feudal |
| 11:30 | king_James · first_market_sell 100 wood |
| 11:34 | 锦衣慰 · age_up feudal |
| 11:40 | Lucky · age_up feudal |
| 12:42 | 锦衣慰 · first_building Barracks |
| 13:51 | 聂灭知北 · age_up castle |
| 14:11 | 聂灭知北 · first_building Siege Workshop |
| 14:12 | king_James · age_up castle |
| 14:33 | king_James · first_building Castle |
| 14:36 | samuellco · age_up castle |
| 14:41 | FC_YeyeAge10 · age_up castle |
| 14:52 | PAYLOTO · age_up castle |
| 15:07 | 锦衣慰 · age_up castle |
| 15:17 | 锦衣慰 · first_building Siege Workshop |
| 15:23 | PAYLOTO · first_building Castle |
| 15:36 | king_James · first_building Siege Workshop |
| 15:40 | PAYLOTO · first_building Siege Workshop |
| 15:40 | 台北54088 · age_up castle |
| 15:45 | Lucky · age_up castle |
| 16:00 | 台北54088 · first_building Monastery |
| 16:20 | king_James · first_market_buy 100 wood |
| 16:44 | PAYLOTO · first_market_buy 100 food |
| 16:49 | Lucky · first_building Monastery |
| 17:55 | PAYLOTO · first_building Monastery |
| 18:41 | FC_YeyeAge10 · first_building Siege Workshop |
| 19:10 | PAYLOTO · wall_segment Stone Wall x1 |
| 19:31 | 台北54088 · first_building Siege Workshop |
| 19:52 | FC_YeyeAge10 · wall_segment Stone Wall x6 |
| 20:38 | FC_YeyeAge10 · wall_segment Stone Wall x5 |
| 20:49 | FC_YeyeAge10 · wall_segment Stone Wall x5 |
| 21:21 | samuellco · first_market_buy 100 food |
| 21:24 | FC_YeyeAge10 · first_market_sell 100 wood |
| 21:30 | FC_YeyeAge10 · first_building Monastery |
| 22:15 | FC_YeyeAge10 · wall_segment Palisade Wall x1 |
| 22:41 | Lucky · first_building Barracks |
| 23:40 | FC_YeyeAge10 · first_building Castle |
| 23:45 | Lucky · first_building Stable |
| 24:05 | 聂灭知北 · first_building Barracks |
| 24:10 | king_James · first_building Barracks |
| 24:55 | FC_YeyeAge10 · first_building Barracks |
| 25:02 | Lucky · first_building Castle |
| 25:28 | 聂灭知北 · first_building Stable |
| 26:07 | samuellco · first_building Monastery |
| 26:13 | 聂灭知北 · first_building Monastery |
| 26:56 | 聂灭知北 · first_building Castle |
| 27:29 | 台北54088 · first_building Barracks |
| 28:25 | FC_YeyeAge10 · first_building Archery Range |
| 28:27 | 台北54088 · first_building Stable |
| 28:39 | 聂灭知北 · first_building Archery Range |
| 28:44 | Lucky · first_market_sell 100 food |
| 29:18 | king_James · first_building Stable |
| 29:20 | samuellco · first_market_sell 100 wood |
| 29:39 | samuellco · wall_segment Stone Wall x5 |
| 29:51 | 台北54088 · age_up imperial |
| 29:53 | 台北54088 · first_building Castle |
| 30:16 | 聂灭知北 · age_up imperial |
| 31:11 | FC_YeyeAge10 · age_up imperial |
| 32:02 | 锦衣慰 · first_building Archery Range |
| 32:27 | Lucky · age_up imperial |
| 32:54 | 台北54088 · first_market_sell 500 wood |
| 33:59 | Lucky · first_building Archery Range |
| 34:24 | king_James · first_building Monastery |
| 34:31 | samuellco · first_building Siege Workshop |
| 34:38 | 锦衣慰 · age_up imperial |
| 35:23 | 锦衣慰 · resign |
| 37:28 | samuellco · age_up imperial |
[ ANÁLISIS IA · 1 CRÉDITO ]
¿Qué pasó realmente en esta partida?
Wolo.gg analiza cada decisión: build order, eco, micro, errores típicos por bracket. Análisis personalizado por WhatsApp o Discord en 30 segundos.
Guía civ
Coreanos
Perfil
Jugador #4069859